 Dungeon Crawl Stone Soup version 0.32-a0-120-gfac0567ad4 (webtiles) character file.

Game seed: 4553667775609128392

19 fozzywoppz the Cudgeller (level 2, -6/22 HPs)
             Began as a Demonspawn Gladiator on Feb 7, 2024.
             Mangled by a gnoll
             ... wielding a +0 flail
              (9 damage)
             ... on level 2 of the Dungeon.
             The game lasted 00:01:06 (570 turns).

fozzywoppz the Cudgeller (Demonspawn Gladiator)      Turns: 570, Time: 00:01:07

Health: -6/22      AC:  6    Str: 14    XL:     2   Next: 55%
Magic:  2/2        EV: 12    Int:  8    God:
Gold:   70         SH:  0    Dex: 16    Spells: 1/1 levels left

rFire   . . .        a - +0 flail
rCold   . . .        (no shield)
rNeg    . . .        b - +0 leather armour
rPois   .            f - +2 helmet {SInv}
rElec   .            (no cloak)
rCorr   .            (no gloves)
SInv    +            (no boots)
Will    .....        (no amulet)
Stlth   ++           (no ring)
HPRegen 0.23/turn    (no ring)
MPRegen 0.08/turn

%: no passive effects
@: no status effects
A: thin skeletal structure 1
a: no special abilities


You were on level 2 of the Dungeon.
You visited 1 branch of the dungeon, and saw 2 of its levels.

You collected 70 gold pieces.

Inventory:

Hand Weapons
 a - a +0 flail (weapon)
Missiles
 d - 3 throwing nets (quivered)
 e - a javelin
Armour
 b - a +0 leather armour (worn)
 c - a +0 helmet
 f - a +2 helmet of see invisible (worn)
Scrolls
 g - 2 scrolls of revelation {unknown}
 i - a scroll of identify {unknown}
Potions
 h - a potion of lignification {unknown}


   Skills:
 + Level 2.1 Fighting
 + Level 3.1 Maces & Flails
 + Level 1.8 Throwing
 + Level 3.0 Dodging


You had one spell level left.
You didn't know any spells.
Your spell library was empty.

Dungeon Overview and Level Annotations

Branches:
Dungeon (2/15)

Altars:


Innate Abilities, Weirdness & Mutations

You have a somewhat thin skeletal structure. (Dex +2, Stealth+)


Message History

You barely miss the bat. The bat closely misses you.
A gnoll comes into view. It is wielding a +0 flail.
The bat closely misses you. The bat misses you.
You barely miss the bat. The bat hits you but does no damage.
The bat barely misses you.
You hit the bat but do no damage. The bat barely misses you.
You hit the gnoll.
The gnoll is moderately wounded.
The bat hits you but does no damage. The gnoll hits you with a +0 flail.
You hit the gnoll but do no damage.
The gnoll is moderately wounded.
The bat hits you but does no damage. x2; The gnoll closely misses you.
You barely miss the gnoll. You punch the gnoll.
The gnoll is heavily wounded.
The bat barely misses you. The gnoll hits you with a +0 flail. x2
You closely miss the gnoll.
The gnoll is heavily wounded.
The bat barely misses you. The bat hits you.
The gnoll hits you with a +0 flail.
You hit the gnoll.
The gnoll is almost dead.
The bat closely misses you. The gnoll hits you with a +0 flail.
* * * LOW HITPOINT WARNING * * *
You barely miss the gnoll.
The gnoll is almost dead.
The bat hits you but does no damage. The bat hits you.
* * * LOW HITPOINT WARNING * * *
The gnoll hits you with a +0 flail.
* * * LOW HITPOINT WARNING * * *
The gnoll barely misses you.
You barely miss the gnoll. Your punch misses the gnoll.
The gnoll is almost dead.
The bat misses you. The gnoll barely misses you.
Unknown command.
You closely miss the gnoll.
The gnoll is almost dead.
The bat hits you.
* * * LOW HITPOINT WARNING * * *
The bat hits you but does no damage. x3; The gnoll hits you with a +0 flail!
You die...

.###. #.... ...
# .# ....#
..g.###.#.#
#.......# ##.##
.###.###g..####
......b@......#
####.###...##.#
#.# ##.## # #.#
#.# #.# #.# #.#
#.#
#.####.####.#.
#.............
############..


You could see a gnoll and a bat.

Vanquished Creatures
  A dart slug (D:1)
  An endoplasm (D:1)
  2 giant cockroaches (D:1)
  2 hobgoblins
  A kobold (D:1)
  2 quokkas (D:1)
  A ball python (D:1)
  4 bats (D:1)
  A rat (D:1)
15 creatures vanquished.

Notes
Turn   | Place    | Note
-------+----------+-------------------------------------------
     0 | D:1      | fozzywoppz the Demonspawn Gladiator began the quest for the
                  | Orb.
     0 | D:1      | Reached XP level 1. HP: 16/16 MP: 1/1
   189 | D:1      | Gained mutation: You have a somewhat thin skeletal
                  | structure. (Dex +2, Stealth+) [demonic ancestry]
   189 | D:1      | Reached XP level 2. HP: 12/22 MP: 2/2
   570 | D:2      | Mangled by a gnoll

Illustrated notes

Levels and vault maps discovered:
D:1:      amcnicky_arrival_wind_blow, layout_basic
D:2:      layout_loops_ring

Skill      XL: |  1  2 |
---------------+-------+-----
Maces & Flails | 3 |  3.1
Dodging        | 3 |  3.0
Fighting       | |  2.1
Throwing       | |  1.8

Action                     || total
---------------------------++-------
  Melee: Flail             ||    53
         Punch             ||     1
   Stab: Sleeping          ||     1
 Armour: Leather armour    ||    54
  Dodge: Dodged            ||    50

Table legend: (Time is in decaauts)
 A = Elapsed time spent in this place.
 B = Non-inter-level travel time spent in this place.
 C = Inter-level travel time spent in this place.
 D = Time resting spent in this place.
 E = Time spent auto-exploring this place.
 F = Levels seen in this place.
 G = Mean time per level.
                   A        B        C        D        E       F      G
               +--------+--------+--------+--------+--------+-----+--------+
         Total |    582 |    578 |      4 |      0 |    410 |   2 |  291.0 |
       Dungeon |    582 |    578 |      4 |      0 |    410 |   2 |  291.0 |
               +--------+--------+--------+--------+--------+-----+--------+

Top non-repeatable levels by time:
     D:1: 547 daAuts
     D:2: 35 daAuts
